 Dungeon Crawl Stone Soup version 0.22.0-1-g6561e4c (webtiles) character file.

312 lukekx100 the Slasher (level 6, 0/59 HPs)
             Began as a Troll Fighter on Aug 12, 2018.
             Slain by an ogre
             ... wielding a +0 giant club
              (33 damage)
             ... on level 4 of the Dungeon.
             The game lasted 00:09:22 (3013 turns).

lukekx100 the Slasher (Troll Fighter)               Turns: 3013, Time: 00:09:22

Health: 0/59       AC:  5    Str: 25    XL:     6   Next: 18%
Magic:  5/5        EV:  9    Int:  4    God:
Gold:   80         SH:  9    Dex: 11    Spells: 5/5 levels left

rFire    x . .     SeeInvis +   a - +0 long sword
rCold    + . .     Gourm    +   c - +0 shield
rNeg     . . .     Faith    .   b - +0 robe
rPois    .         Spirit   .   (helmet restricted)
rElec    .         Reflect  .   (no cloak)
rCorr    .         Harm     +   (gloves unavailable)
MR       .....                  (boots unavailable)
Stlth    +.........             q - amulet of harm
HPRegen  0.59/turn              k - ring of see invisible
MPRegen  0.09/turn              o - ring of ice

@: no status effects
A: large, unfitting armour, claws 3, fast metabolism 3, gourmand, regeneration
1, shaggy fur 1, tough skin 2
a: no special abilities


You were on level 4 of the Dungeon.
You were not hungry.

You visited 1 branch of the dungeon, and saw 4 of its levels.

You collected 80 gold pieces.

Inventory:

Hand Weapons
 a - a +0 long sword (weapon)
 n - a +0 hand axe
 u - a +0 long sword
Armour
 b - a +0 robe (worn)
 c - a +0 shield (worn)
 s - a +0 ring mail
 t - a cursed +0 scale mail
Jewellery
 k - a ring of see invisible (left claw)
 o - a ring of ice (right claw)
 q - an amulet of harm (around neck)
 x - an uncursed ring of protection from cold {unknown}
Scrolls
 e - 3 scrolls of teleportation {unknown}
 h - 2 scrolls of remove curse {unknown}
 i - 5 scrolls of identify {unknown}
 j - 2 scrolls of amnesia {unknown}
 l - a scroll of immolation {unknown}
Potions
 d - 7 potions of might
 f - a potion of heal wounds {unknown}
 g - a potion of curing {unknown}
 m - 2 potions of degeneration {unknown}
 p - a potion of resistance {unknown}
 r - a potion of haste {unknown}
 v - a potion of lignification {unknown}
 w - a potion of agility {unknown}


   Skills:
 - Level 2.4 Fighting
 * Level 4.5 Long Blades
 + Level 3.2 Dodging
 + Level 3.2 Shields


You had 5 spell levels left.
You didn't know any spells.
Your spell library contained the following spells:

 Spells                   Type           Power        Failure   Level  Hunger
 Confuse                  Hex            #.......     99%         3    ####...
 Confusing Touch          Hex            #.....       89%         1    ##.....
 Metabolic Englaciation   Hex/Ice        #.........   100%        5    ######.
 Petrify                  Tmut/Erth      #.......     100%        4    #####..
 Gell's Gravitas          Tloc           #.........   99%         3    ####...
 Yara's Violent Unravell  Hex/Tmut       #.........   100%        5    ######.


Dungeon Overview and Level Annotations

Branches:
Dungeon (4/15)
 Temple: D:4-7

Altars:
Kikubaaqudgha
Okawaru
Sif Muna
Xom
Yredelemnul


Innate Abilities, Weirdness & Mutations

You are too large for most types of armour.
You have claws for hands.
Your metabolism is lightning-fast.
You like to eat raw meat.
Your natural rate of healing is unusually fast.
You are covered in fur. (AC +1)
You have very tough skin. (AC +2)


Message History

No target in view!
No target in view!
An ogre comes into view. It is wielding a giant club.
An orc comes into view. It is wielding a club.
The orc shouts!
You block the ogre's attack.
You hit the ogre but do no damage. The ogre barely misses you.
You riposte.
You completely miss the ogre. You hit the ogre.
The ogre is lightly wounded.
You block the orc's attack. The ogre hits you with a giant club.
You closely miss the ogre.
The ogre is lightly wounded.
The orc hits you but does no damage. The ogre hits you with a giant club!!
The orc barely misses you.
You hit the ogre.
The ogre is lightly wounded.
The ogre hits you with a giant club!!
Ouch! That really hurt!
You die...

.#.........#.#.....#.#.#.........
.###.##..........#........#..##..
.....# #[#...###.#.#.##.#..##..
....## ...........#.......##.#
###.# #.#.#.#.#.######..####.#
###.# #.........# #....>..# .##.#
#.#.#.#...# ##.###### .##.#
#.......#.# #.# #.. .##.#
#.#.#..@#.# #.####.# .##.#
.......Oo.# #....#.# ....#
..#.###.### ####.... .#### ....
#.# ###.# ## .#. ... #.# . ...
#.. ... ### .....


You could see an ogre and an orc.

Vanquished Creatures
  A bullfrog skeleton (D:3)
  Terence (D:3)
  2 worker ants (D:4)
  A hound skeleton (D:4)
  Robin (D:3)
  10 adders
  An ooze (D:3)
  2 adder skeletons (D:4)
  A worm (D:4)
  2 leopard geckos (D:2)
  An orc (D:4)
  10 giant cockroaches
  14 goblins
  8 hobgoblins
  2 jackals (D:2)
  6 kobolds
  A quokka (D:4)
  6 ball pythons
  6 bats
  9 frilled lizards
  A jackal skeleton (D:4)
  8 rats
94 creatures vanquished.

Notes
Turn   | Place    | Note
-------+----------+-------------------------------------------
     0 | D:1      | lukekx100 the Troll Fighter began the quest for the Orb.
     0 | D:1      | Reached XP level 1. HP: 22/22 MP: 0/0
   133 | D:1      | Reached XP level 2. HP: 29/29 MP: 1/1
   183 | D:1      | Reached skill level 2 in Long Blades
   579 | D:1      | Reached XP level 3. HP: 36/36 MP: 2/2
   959 | D:2      | Found a basalt altar of Yredelemnul.
   988 | D:2      | Found an iron altar of Okawaru.
  1225 | D:2      | Reached XP level 4. HP: 44/44 MP: 3/3
  1269 | D:2      | Found an ancient bone altar of Kikubaaqudgha.
  1602 | D:2      | Reached skill level 3 in Long Blades
  1829 | D:3      | Noticed Robin
  1848 | D:3      | Killed Robin
  1849 | D:3      | Reached XP level 5. HP: 44/50 MP: 4/4
  1902 | D:3      | Found a deep blue altar of Sif Muna.
  1997 | D:3      | Noticed Terence
  2004 | D:3      | Killed Terence
  2197 | D:3      | Reached skill level 4 in Long Blades
  2754 | D:4      | Reached XP level 6. HP: 46/59 MP: 5/5
  2878 | D:4      | Found a shimmering altar of Xom.
  3013 | D:4      | Slain by an ogre

Skill      XL: |  1  2  3  4  5 |
---------------+----------------+-----
Long Blades    | 2 3 4 |  4.5
Dodging        | 3 |  3.2
Shields        | 3 |  3.2
Fighting       | |  2.4

Action                   |  1- 3 |  4- 6 || total
-------------------------+-------+-------++-------
Melee: Long sword        |   133 |   184 ||   317
  Eat: Chunk             |     8 |     5 ||    13
       Ration            |       |     4 ||     4
Armor: Robe              |    61 |    68 ||   129
Dodge: Dodged            |    54 |    81 ||   135
Block: Shield            |    66 |   107 ||   173
       Rpst.: Long sword |    16 |    29 ||    45
